 Dungeon Crawl Stone Soup version 0.16.1-16-gc44b35d (webtiles) character file.

248 KarvaRausku the Chopper (level 6, -21/47 HPs)
             Began as a Human Fighter on Apr 15, 2015.
             Was an Initiate of Okawaru.
             Demolished by an ogre
             ... wielding a +0 giant club
              (28 damage)
             ... on level 4 of the Dungeon.
             The game lasted 00:05:59 (3514 turns).

KarvaRausku the Chopper (Human Fighter)             Turns: 3514, Time: 00:05:59

Health: -21/47     AC:  7    Str: 18    XL:     6   Next: 34%
Magic:  6/6        EV:  7    Int:  8    God:    Okawaru [......]
Gold:   222        SH:  9    Dex: 15    Spells: 0 memorised, 5 levels left

rFire  . . .     SeeInvis +     a - +0 war axe
rCold  . . .     Clarity  .     b - +0 scale mail
rNeg   . . .     SustAb   .     c - +0 shield
rPois  .         Gourm    .     (no helmet)
rElec  .         Spirit   .     (no cloak)
rCorr  .         Warding  .     (no gloves)
rMut   .         Stasis   .     t - +0 pair of boots
MR     .....                    (no amulet)
Stlth  ..........               s - +2 ring of dexterity (curse)
                                p - ring of see invisible

@: not resistant to hostile enchantments, extremely unstealthy
A: no striking features
a: Renounce Religion


You were on level 4 of the Dungeon.
You worshipped Okawaru.
Okawaru was noncommittal.
You were not hungry.

You visited 1 branch of the dungeon, and saw 4 of its levels.

You collected 222 gold pieces.

Inventory:

Hand weapons
 a - a +0 war axe (weapon)
Missiles
 k - a throwing net (quivered)
Armour
 b - a +0 scale mail (worn)
 c - a +0 shield (worn)
 t - a +0 pair of boots (worn)
Jewellery
 p - a ring of see invisible (left hand)
 s - a cursed +2 ring of dexterity (right hand)
Scrolls
 g - 3 scrolls of remove curse {unknown}
 i - 3 scrolls of blinking {unknown}
 j - 2 scrolls of identify {unknown}
 o - a scroll of immolation {unknown}
 r - a scroll of random uselessness {unknown}
Potions
 e - a potion of might
 f - 3 potions of brilliance {unknown}
 h - 2 potions of restore abilities {unknown}
 m - 2 potions of curing {unknown}
 q - a potion of agility {unknown}
Comestibles
 d - 2 bread rations
 n - a meat ration
 u - 3 fruits


   Skills:
 - Level 3.0 Fighting
 + Level 6.2 Axes
 - Level 3.0 Armour
 - Level 3.0 Shields


You had 5 spell levels left.
You didn't know any spells.

Dungeon Overview and Level Annotations

Branches:
Dungeon (4/15)
 Temple: D:4-7

Altars:
Okawaru


Message History

You block the ogre's attack.
You barely miss the ogre.
The ogre is heavily wounded.
The ogre hits you with a giant club!!
You slash the ogre!
The ogre is almost dead.
The ogre hits you with a giant club!
* * * LOW HITPOINT WARNING * * *
You are too injured to fight recklessly!
You are too injured to fight recklessly!
You are too injured to fight recklessly!
There is an open door here.
You completely miss the ogre.
The ogre is almost dead.
You block the ogre's attack.
You hit the ogre.
The ogre is almost dead.
The ogre hits you with a giant club!!
Ouch! That really hurt!
You die...

<...#..####+#........#
#####..#.........##+##
(..#...#.........+!..
...')..#.........#..#
...#[..#.....#+###..#
#####..#.....'..+...#
...##..#.....#..#...#
....#..+.....##+##.†#
....+..#.......†@#..#
....#..#.........O..#
'####..#.........#..#
...##..#.........#..#
....o..###+##....#..#
.†..{.......#....#..'
............'....#..#.
............#....#+##..
............#....# !


You could see an ogre.

Vanquished Creatures
  The ghost of someAlex the Grasshopper, an average SpWr of Ashenzari (D:3)
  An orc wizard (D:4)
  A hound skeleton (D:4)
  5 adders
  A gnoll (D:3)
  A giant gecko (D:1)
  An ooze (D:1)
  2 orcs
  3 ball pythons (D:1)
  9 bats
  A giant cockroach (D:2)
  16 hobgoblins
  8 jackals
  6 kobolds
  3 quokkas
  5 giant newts
  12 goblins
  6 rats
82 creatures vanquished.

Notes
Turn   | Place    | Note
--------------------------------------------------------------
     0 | D:1      | KarvaRausku, the Human Fighter, began the quest for the Orb.
     0 | D:1      | Reached XP level 1. HP: 18/18 MP: 1/1
    83 | D:1      | Reached XP level 2. HP: 22/24 MP: 2/2
   264 | D:1      | Reached XP level 3. HP: 26/29 MP: 3/3
  1072 | D:2      | Reached skill level 4 in Axes
  1072 | D:2      | Reached XP level 4. HP: 35/35 MP: 4/4
  1348 | D:3      | Noticed someAlex's ghost (average SpWr)
  1902 | D:4      | Noticed an ogre
  2379 | D:3      | Reached XP level 5. HP: 17/41 MP: 5/5
  2657 | D:3      | Found an iron altar of Okawaru.
  2671 | D:3      | Reached skill level 5 in Axes
  2696 | D:3      | Became a worshipper of Warmaster Okawaru
  2998 | D:3      | Killed someAlex's ghost
  2998 | D:3      | Reached XP level 6. HP: 19/47 MP: 6/6
  3455 | D:4      | Reached skill level 6 in Axes
  3501 | D:4      | Noticed an ogre
  3514 | D:4      | Demolished by an ogre

Action                   |  1- 3 |  4- 6 || total
-------------------------+-------+-------++-------
Melee: War axe           |   112 |   161 ||   273
  Eat: Chunk             |     1 |     8 ||     9
